 Dungeon Crawl Stone Soup version 0.14-a0-2564-g94087c3 (webtiles) character file.

9428 MackTheKnife the Nimble (level 11, -3/95 HPs)
             Began as a Merfolk Gladiator on Feb 11, 2014.
             Was a Believer of Ashenzari.
             Shot with an arrow of flame by a centaur (19 damage)
             ... while paralysed by a giant eyeball
             ... on Level 10 of the Dungeon.
             The game lasted 00:20:49 (9415 turns).

MackTheKnife the Nimble (Merfolk Gladiator)         Turns: 9415, Time: 00:20:49

HP  -3/95        AC  9     Str 15      XL: 11   Next: 40%
MP  11/11        EV  2     Int  8      God: Ashenzari [**....]
Gold 370         SH  0     Dex 17 (18) Spells:  2 memorised,  6 levels left

rFire  . . .     SeeInvis .     K - +2,+1 trident (flame)
rCold  . . .     Clarity  .     b - +0 leather armour
rNeg   + . .     Conserve +     (no shield)
rPois  .         rCorr    .     c - +1 helmet
rElec  .         rRot     .     w - +0 dwarf cloak
SustAb . .       Spirit   .     (no gloves)
rMut   .         Warding  .     A - +2 pair of boots
Saprov . . .     Stasis   .     r - amulet of conservation
MR     .....                    Q - ring of positive energy
                                C - ring of regeneration

@: paralysed, not resistant to hostile enchantments, unstealthy
A: change form in water, swift swim
a: Renounce Religion


You were on level 10 of the Dungeon.
You worshipped Ashenzari.
Ashenzari was pleased with you.
You were not hungry.

You visited 2 branches of the dungeon, and saw 11 of its levels.
You also visited: Sewer.

You collected 482 gold pieces.
You spent 112 gold pieces at shops.


   Skills:
 + Level 12.2 Fighting
 - Level 12.3 Polearms
 - Level 2.0 Throwing
 - Level 13.6 Dodging


You had 6 spell levels left.
You knew the following spells:

 Your Spells              Type           Power        Failure   Level  Hunger
d - Repel Missiles        Chrm/Air       #.....       69%         2    ###....
s - Swiftness             Chrm/Air       #.......     69%         2    ###....

Inventory:

Hand weapons
 K - a +2,+1 trident of flaming (weapon)
Missiles
 d - 4 throwing nets (quivered)
 R - a dart
Armour
 b - a +0 leather armour (worn)
 c - a +1 helmet (worn)
 w - a +0 dwarven cloak (worn)
 A - a +2 pair of boots (worn)
 M - a +0 shield
 N - a steam dragon hide
 O - a +1 pair of gloves
Magical devices
 e - a wand of digging (8)
 k - a wand of digging (14)
 m - a wand of digging (12)
Comestibles
 f - 7 bread rations
 l - a pear
 q - an apple
 t - 3 chunks of hippogriff flesh {@*1}
 u - 12 grapes
 x - 7 meat rations
 E - a lemon
 G - a banana
 J - a choko
 L - 3 chunks of orc flesh {@*1}
Scrolls
 h - a scroll of noise {!r}
 n - 2 scrolls of fear
 s - a scroll of curse jewellery
 y - a scroll of curse armour
 H - a scroll of magic mapping
Jewellery
 o - an uncursed ring of protection from magic {unknown}
 r - an amulet of conservation (around neck)
 C - a ring of regeneration (left hand)
 P - an uncursed ring of sustain abilities
 Q - a ring of positive energy (right hand)
Potions
 a - 2 potions of beneficial mutation {unknown}
 g - a potion of invisibility {unknown}
 i - 3 potions of heal wounds
 j - 6 potions of curing
 p - 3 potions of poison {unknown}
 v - 2 potions of brilliance
 z - a potion of resistance
 B - 2 potions of flight
 F - a potion of cure mutation {unknown}
 I - 2 potions of magic {unknown}
Books
 S - a book of Air

   Spells                             Type                      Level
   Shock                              Conjuration/Air              1
   *Swiftness                         Charms/Air                   2
   *Repel Missiles                    Charms/Air                   2
   Flight                             Charms/Air                   3
   Static Discharge                   Conjuration/Air              3
   Lightning Bolt                     Conjuration/Air              5
Magical staves
 D - an uncursed staff of cold

····· ····>······· ······
············ ·······
············ ········
············· ········▒
▒··········· ········▒
▒··········· ····Kc··▒▒
▒·····(····· ···G····JY▒▒
▒···········
····!···m▒{▒▒▒···········
·········▒▒J▒▒···········
········▒▒▒J▒···········
········▒ ▒▒J···········
········▒ ▒▒···········
·······▒▒▒▒▒···········
··········Y···········
········Y············
····················


You could see a yak, a centaur, a jelly, a giant eyeball and a kobold.


Message History

The centaur shoots an arrow of flame.
The arrow of flame hits you!
You hear a slurping noise.
The jelly splits in two!
You see here an arrow.
A giant eyeball comes into view.
The centaur shoots an arrow of flame.
The arrow of flame hits you!
You hear a slurping noise.
The jelly splits in two!
Found a cyan potion.
You see here an arrow.
The giant eyeball turns its gaze towards you.
The centaur shoots an arrow of flame.
The arrow of flame hits you! The giant eyeball stares at you.
You suddenly lose the ability to move!
A kobold comes into view. It is wielding a dwarven dagger.
The centaur shoots an arrow of flame.
Helpless, you fail to dodge the arrow of flame.
The yak gores you!
* * * LOW HITPOINT WARNING * * *
The centaur shoots an arrow of flame.
Helpless, you fail to dodge the arrow of flame.
* * * LOW HITPOINT WARNING * * *
The yak gores you!
* * * LOW HITPOINT WARNING * * *
You hear a distant slurping noise.
The centaur shoots an arrow of flame.
The arrow of flame hits you!
One of your 2 scrolls of curse armour catches fire!
* * * LOW HITPOINT WARNING * * *
The centaur shoots an arrow of flame.
Helpless, you fail to dodge the arrow of flame.
You die...

Action                   |  1- 3 |  4- 6 |  7- 9 | 10-12 || total
-------------------------+-------+-------+-------+-------++-------
Melee: Trident           |   141 |   172 |   738 |   546 ||  1597
Evoke: Wand              |       |     1 |     2 |     4 ||     7
  Use: Scroll            |     2 |     2 |    18 |     6 ||    28
       Potion            |       |     2 |     3 |     4 ||     9
 Stab: Distracted        |       |     1 |     1 |       ||     2
       Sleeping          |       |       |     3 |     3 ||     6

Vault maps used:
D:1:      sevenhm_arrival_forest_fort_small_6
D:2:      led_sif_pool
D:3:      kiku_gazebo_pond_becter, uniq_iyjb, uniq_grinder
D:4:      grunt_temple_overflow_open, minmay_temple_entry_butterflies,
          serial_shops, shop_fountains, first_bread, portal_sewer_entry_a,
          serial_bayou_ford_a, nemelex_lonely_heart_becter, uniq_blork_the_orc
D:5:      hangedman_decor_diamond_cutter
D:6:      basic_altar
D:7:      the_bakery, sigmund_edmund_badplayer
D:8:      elyvilon_altar_4, special_room, hangedman_misty_isle
D:9:      boulder_corridor_run, old_standard_altar, jmf_multi_god_temple
D:10:     minmay_orc_entry_temple_small, serial_shops, nicolae_shop_crystal,
          shop, nicolae_shop_statue_plus
Temple:   temple_island_7
Sewer:    sewer_ribbit_badplayer

Notes
Turn   | Place    | Note
--------------------------------------------------------------
     0 | D:1      | MackTheKnife, the Merfolk Gladiator, began the quest for the Orb.
     0 | D:1      | Reached XP level 1. HP: 16/16 MP: 1/1
    22 | D:1      | Reached skill level 5 in Polearms
   304 | D:1      | Reached XP level 2. HP: 22/22 MP: 2/2
   798 | D:2      | Reached XP level 3. HP: 23/27 MP: 3/3
   840 | D:2      | Reached skill level 6 in Polearms
  1516 | D:2      | Reached skill level 7 in Polearms
  1516 | D:2      | Reached XP level 4. HP: 26/33 MP: 4/4
  1584 | D:2      | HP: 3/33 [poisoned by an adder]
  1969 | D:2      | Found a deep blue altar of Sif Muna.
  2352 | D:3      | Found an ancient bone altar of Kikubaaqudgha.
  2889 | D:3      | Reached skill level 8 in Polearms
  2889 | D:3      | Reached XP level 5. HP: 31/38 MP: 5/5
  2905 | D:3      | Noticed Ijyb
  2920 | D:3      | Killed Ijyb
  3032 | D:3      | Noticed Grinder
  3063 | D:3      | Killed Grinder
  3063 | D:3      | Reached skill level 10 in Polearms
  3063 | D:3      | Reached XP level 6. HP: 19/44 MP: 6/6
  3472 | D:3      | Reached XP level 7. HP: 46/50 MP: 7/7
  3529 | D:4      | Found a snail-covered altar of Cheibriados.
  3529 | D:4      | Found a glowing silver altar of Zin.
  3529 | D:4      | Found a radiant altar of Vehumet.
  3529 | D:4      | Noticed Blork the orc
  3535 | D:4      | Killed Blork the orc
  3535 | D:4      | Reached skill level 11 in Polearms
  3556 | D:4      | Found a shadowy altar of Dithmenos.
  3556 | D:4      | Found a basalt altar of Yredelemnul.
  3692 | D:4      | Found a glowing drain.
  3764 | Sewer    | Entered a sewer
  3811 | Sewer    | Reached skill level 12 in Polearms
  3852 | Sewer    | Noticed Kae's ghost (average DrCj)
  3884 | Sewer    | Killed Kae's ghost
  3884 | Sewer    | Reached skill level 5 in Dodging
  3884 | Sewer    | Reached XP level 8. HP: 25/56 MP: 8/8
  3935 | Sewer    | Noticed Prince Ribbit
  3962 | Sewer    | Killed Prince Ribbit
  3962 | Sewer    | Reached skill level 7 in Dodging
  4037 | D:4      | Found a staircase to the Ecumenical Temple.
  4047 | Temple   | Entered the Ecumenical Temple
  4078 | Temple   | Became a worshipper of Ashenzari the Shackled
  4259 | D:4      | Found a sparkling altar of Nemelex Xobeh.
  4292 | D:4      | Reached skill level 8 in Dodging
  4299 | D:4      | Found Skawnafabb's Distillery.
  4303 | D:4      | Bought a potion of heal wounds for 42 gold pieces
  4303 | D:4      | Bought a potion of might for 35 gold pieces
  4303 | D:4      | Bought a potion of agility for 35 gold pieces
  4650 | D:5      | Entered Level 5 of the Dungeon
  4696 | D:5      | Reached skill level 9 in Dodging
  5120 | D:5      | Reached skill level 10 in Dodging
  5120 | D:5      | Reached XP level 9. HP: 61/61 MP: 9/9
  5560 | D:6      | Reached skill level 11 in Dodging
  5577 | D:6      | Found a glowing golden altar of the Shining One.
  6426 | D:7      | Reached skill level 12 in Dodging
  6657 | D:7      | Noticed Edmund
  6673 | D:7      | Killed Edmund
  6673 | D:7      | Reached skill level 13 in Dodging
  6691 | D:7      | Noticed Sigmund
  6704 | D:7      | Killed Sigmund
  6805 | D:7      | Noticed a spriggan baker
  6819 | D:7      | Killed a spriggan baker
  6986 | D:7      | Reached skill level 3 in Fighting
  7313 | D:8      | Reached XP level 10. HP: 63/71 MP: 10/10
  7314 | D:8      | Reached skill level 4 in Fighting
  7401 | D:8      | Reached skill level 5 in Fighting
  7448 | D:8      | Reached skill level 6 in Fighting
  7790 | D:8      | Reached skill level 7 in Fighting
  7846 | D:8      | Reached skill level 8 in Fighting
  7984 | D:8      | Learned a level 2 spell: Repel Missiles
  7987 | D:8      | Learned a level 2 spell: Swiftness
  8234 | D:8      | Found a white marble altar of Elyvilon.
  8404 | D:9      | Found a deep blue altar of Sif Muna.
  8404 | D:9      | Noticed an orc knight
  8405 | D:9      | Noticed a centaur warrior
  8414 | D:9      | Killed a centaur warrior
  8414 | D:9      | Reached skill level 9 in Fighting
  8417 | D:9      | Found a staircase to the Lair.
  8614 | D:9      | Reached skill level 10 in Fighting
  8675 | D:9      | Killed an orc knight
  8675 | D:9      | Reached XP level 11. HP: 68/92 MP: 11/11
  8683 | D:9      | Found an ancient bone altar of Kikubaaqudgha.
  8756 | D:9      | Paralysed by a giant eyeball for 3 turns
  8764 | D:10     | Entered Level 10 of the Dungeon
  8766 | D:10     | Found a staircase to the Orcish Mines.
  8794 | D:10     | Found a roughly hewn altar of Beogh.
  8799 | D:10     | Reached skill level 11 in Fighting
  9162 | D:10     | Found Kloek's Book Emporium.
  9173 | D:10     | Noticed a hill giant
  9194 | D:10     | Killed a hill giant
  9314 | D:10     | Acquired Ashenzari's first power
  9315 | D:10     | Found Egaz's Magical Wand Shoppe.
  9338 | D:10     | Reached skill level 12 in Fighting
  9359 | D:10     | Found Guvuunom's General Store.
  9412 | D:10     | Paralysed by a giant eyeball for 4 turns
  9415 | D:10     | Shot with an arrow of flame by a centaur

Vanquished Creatures
  A centaur warrior (D:9)
  A hill giant (D:10)
  An orc knight (D:9)
  A spriggan (D:7)
  Grinder (D:3)
  Prince Ribbit (Sewer)
  A steam dragon (D:8)
  6 yaks (D:10)
  2 hippogriffs (D:10)
  The ghost of Kae the Ruinous, an average DrCj (Sewer)
  Edmund (D:7)
  2 orc warriors (D:10)
  5 ogres
  A freezing wraith (D:9)
  5 sky beasts
  5 phantoms
  An ice beast (D:10)
  14 big kobolds (D:8)
  Sigmund (D:7)
  3 centaurs
  5 giant frogs
  A water moccasin (D:7)
  A crocodile (D:9)
  Blork the orc (D:4)
  2 gnoll sergeants (D:7)
  2 insubstantial wisps (D:8)
  4 killer bees (D:8)
  4 wights
  A giant frog zombie (D:8)
  A quasit (D:7)
  5 crimson imps
  4 orc priests
  8 worker ants
  A giant frog skeleton (D:9)
  A hound (D:4)
  11 orc wizards
  3 scorpions
  2 iguanas (D:8)
  Ijyb (D:3)
  An orc zombie (D:8)
  10 adders
  12 gnolls
  4 giant mites
  3 worms
  An adder zombie (D:5)
  An iguana zombie (D:9)
  2 giant geckos (D:3)
  2 oozes (D:2)
  25 orcs
  12 bats
  9 giant cockroaches
  11 goblins
  17 hobgoblins
  7 jackals
  9 ball pythons
  A giant newt (D:4)
  A giant spore (D:8)
  22 kobolds
  2 orc skeletons
  3 quokkas
  9 rats
  2 ballistomycetes (D:8)
278 creatures vanquished.

Vanquished Creatures (others)
  A bat skeleton (D:4)
1 creature vanquished.

Grand Total: 279 creatures vanquished
